cohdb
Replays
Latest Replays
All Replays
Popular Replays
Top Player Replays
Match Explorer
How It Works
Community
CoH3 Stats
Reddit
Sign in to upload your games and track your stats! →
Sign in with Steam
Match 45168682
Unlisted
Match 45168682
Overview
Messages
Build Orders
End
Construct Infanterie Kompanie
Pioneer Squad
MG 42 Machine Gun Team
Selects Breakthrough Battlegroup
Selects Assault Grenadiers
Grenadier Squad
GrW 34 Mortar Team
Construct Panzergrenadier Kompanie
Grenadier Squad
Medical Station
251 Medium Carrier
Panzergrenadier Squad
Selects Smoke Bombing Run
MG 42 Machine Gun Team
Pak 40 Anti-tank Gun Team
Gatom
kyo988
No.69
LPDAiborne82
alicece2
ReverseAverage
0
0
Comments
sign in to comment!
No comments posted yet!